 Dungeon Crawl Stone Soup version 0.30-a0-1163-gf69bf04e7a (webtiles) character file.

Game seed: 14664826225629676395

6 BlueFish the Shield-Bearer (level 1, -1/16 HPs)
             Began as an Octopode Fighter on Apr 28, 2023.
             Slain by a goblin
             ... wielding a +0 dagger
              (4 damage)
             ... on level 1 of the Dungeon.
             The game lasted 00:00:12 (51 turns).

BlueFish the Shield-Bearer (Octopode Fighter)         Turns: 51, Time: 00:00:13

Health: -1/16      AC:  1    Str: 15    XL:     1   Next: 90%
Magic:  1/1        EV: 13    Int: 10    God:
Gold:   0          SH:  4    Dex: 11    Spells: 0/0 levels left

rFire   . . .        a - +0 flail
rCold   . . .        b - +0 buckler
rNeg    . . .        (helmet restricted)
rPois   .            (no amulet)
rElec   .            (no ring)
rCorr   .            (no ring)
SInv    .            (no ring)
Will    .....        (no ring)
Stlth   ++           (no ring)
HPRegen 0.22/turn    (no ring)
MPRegen 0.07/turn    (no ring)
                     (no ring)

%: no passive effects
@: no status effects
A: almost no armour, amphibious, 8 rings, camouflage 1, gelatinous body 1,
(nimble swimmer 1), tentacles
a: no special abilities


You were on level 1 of the Dungeon.
You visited 1 branch of the dungeon, and saw 1 of its levels.

Inventory:

Hand Weapons
 a - a +0 flail (weapon)
Armour
 b - a +0 buckler (worn)
Scrolls
 d - a scroll of identify {unknown}
Potions
 c - a potion of might


   Skills:
 + Level 3.0 Fighting
 + Level 2.1 Maces & Flails
 + Level 3.0 Dodging
 * Level 1.0 Stealth
 + Level 3.1 Shields


You couldn't memorise any spells.
You didn't know any spells.
Your spell library was empty.

Dungeon Overview and Level Annotations

Branches:
Dungeon (1/15)

Altars:
The Shining One


Innate Abilities, Weirdness & Mutations

You cannot wear most types of armour.
You are amphibious.
You can wear up to eight rings at the same time.
Your skin changes colour to match your surroundings (Stealth+).
Your rubbery body absorbs attacks. (AC +1, EV +1)
((You are camouflaged when in or above water. (Stealth+)))
You have tentacles for arms and can constrict up to eight enemies at once.


Message History

The bat completely misses you. The ball python closely misses you. x2
You hit the ball python. Your grab misses the ball python.
The ball python is severely wounded.
You block the bat's attack. The bat hits you.
The ball python closely misses you. You block the ball python's attack.
You barely miss the ball python. You grab the ball python.
The ball python is severely wounded.
You constrict the ball python, but do no damage.
The hobgoblin shouts!
The bat misses you. The ball python closely misses you.
The ball python grabs you. The ball python constricts you.
You block the ball python's attack. The ball python constricts you.
You miss the bat.
The kobold shouts!
Your grab misses the bat. You constrict the ball python.
You kill the ball python!
The bat barely misses you.
A goblin comes into view. It is wielding a +0 dagger.
You hit the endoplasm. You squeeze the endoplasm.
The endoplasm is almost dead.
The bat misses you. The endoplasm barely misses you.
You hit the endoplasm.
You kill the endoplasm!
The bat barely misses you. You block the hobgoblin's attack.
You closely miss the hobgoblin. You grab the hobgoblin.
You constrict the hobgoblin, but do no damage.
The bat misses you. You block the hobgoblin's attack.
You barely miss the kobold. Your grab misses the kobold.
You squeeze the kobold.
You kill the kobold!
You constrict the hobgoblin. The bat hits you. The hobgoblin hits you.
* * * LOW HITPOINT WARNING * * *
Your Stealth skill increases to level 1!
You hit the hobgoblin but do no damage.
The hobgoblin is heavily wounded.
You constrict the hobgoblin. The bat misses you.
The hobgoblin barely misses you. The hobgoblin hits you.
* * * LOW HITPOINT WARNING * * *
The goblin hits you with a +0 dagger.
You die...

#....###
##.#...
###..###
[..###.
#..).#
...[#..
###.##.#
._..#..
##...# .#
.......
#..### .#
..)##..##.##
.#
?###..gg..##
.#
...#..b@†..#
.#
.......###..#
.# .......
#.... .......
#### .......
.......
.......
.......


You could see a hobgoblin, a goblin and a bat.

Vanquished Creatures
  An endoplasm (D:1)
  A goblin (D:1)
  A ball python (D:1)
  A frilled lizard (D:1)
  2 kobolds (D:1)
6 creatures vanquished.

Notes
Turn   | Place    | Note
-------+----------+-------------------------------------------
     0 | D:1      | BlueFish the Octopode Fighter began the quest for the Orb.
     0 | D:1      | Reached XP level 1. HP: 16/16 MP: 1/1
    39 | D:1      | Found a glowing golden altar of the Shining One.
    51 | D:1      | Reached skill level 1 in Stealth
    51 | D:1      | Slain by a goblin

Illustrated notes

Levels and vault maps discovered:
D:1:      dpeg_arrival_short_road, layout_rooms, minmay_hexomino_r4

Skill      XL: |  1 |
---------------+----+-----
Stealth        | 1 |  1.0
Fighting       | |  3.0
Maces & Flails | |  2.1
Dodging        | |  3.0
Shields        | |  3.1

Action                     || total
---------------------------++-------
  Melee: Flail             ||    13
         Constrict         ||     4
         Tentacles         ||     2
  Dodge: Dodged            ||    13
  Block: Buckler           ||     6

Table legend: (Time is in decaauts)
 A = Elapsed time spent in this place.
 B = Non-inter-level travel time spent in this place.
 C = Inter-level travel time spent in this place.
 D = Time resting spent in this place.
 E = Time spent auto-exploring this place.
 F = Levels seen in this place.
 G = Mean time per level.
                   A        B        C        D        E       F      G
               +--------+--------+--------+--------+--------+-----+--------+
         Total |     54 |     54 |      0 |      0 |     28 |   1 |   54.0 |
       Dungeon |     54 |     54 |      0 |      0 |     28 |   1 |   54.0 |
               +--------+--------+--------+--------+--------+-----+--------+

Top non-repeatable levels by time:
     D:1: 54 daAuts
